 Dungeon Crawl Stone Soup version 0.20.1-1-g8b1a95d (webtiles) character file.

1067 Energizer the Poker (level 7, 0/59 HPs)
             Began as a Demigod Gladiator on July 15, 2017.
             Slain by Prince Ribbit (18 damage)
             ... on level 5 of the Dungeon.
             The game lasted 00:25:00 (5974 turns).

Energizer the Poker (Demigod Gladiator)             Turns: 5974, Time: 00:25:01

Health: 0/59       AC: 10    Str: 17    XL:     7   Next: 79%
Magic:  9/9        EV: 10    Int: 12    God:
Gold:   262        SH:  0    Dex: 21    Spells: 6/6 levels left

rFire    . . .     SeeInvis .   a - +0 trident
rCold    . . .     Gourm    .   (no shield)
rNeg     . . .     Faith    .   n - +0 chain mail
rPois    +         Spirit   .   c - +0 helmet
rElec    .         Reflect  .   (no cloak)
rCorr    .         Harm     +   (no gloves)
MR       .....                  (no boots)
Stlth    ..........             x - amulet of harm
Regen    0.2/turn               b - ring of poison resistance
MPRegen  0.2/turn               (no ring)

@: no status effects
A: high mp 1
a: no special abilities


You were on level 5 of the Dungeon.
You were not hungry.

You visited 1 branch of the dungeon, and saw 5 of its levels.

You collected 262 gold pieces.

Inventory:

Hand Weapons
 a - a +0 trident (weapon)
Missiles
 d - 5 throwing nets (quivered)
Armour
 c - a +0 helmet (worn)
 n - a +0 chain mail (worn)
Jewellery
 b - a ring of poison resistance (left hand)
 x - an amulet of harm (around neck)
Scrolls
 g - a scroll of identify
 j - 2 scrolls of remove curse {unknown}
 k - a scroll of recharging {unknown}
 m - 4 scrolls of teleportation
 p - a scroll of amnesia {unknown}
 q - 2 scrolls of enchant weapon {unknown}
 r - a scroll of immolation {unknown}
 t - a scroll of fog {unknown}
 y - a scroll of random uselessness {unknown}
 A - a scroll of noise {unknown}
 B - 3 scrolls of magic mapping {unknown}
Potions
 e - 3 potions of curing
 h - 2 potions of flight
 l - 2 potions of heal wounds
 s - a potion of magic
 u - a potion of agility
 w - 2 potions of brilliance
 z - a potion of invisibility {unknown}
Comestibles
 f - 4 bread rations
 i - 3 royal jellies
 v - 2 meat rations
 C - 3 fruits


   Skills:
 + Level 4.1 Fighting
 * Level 6.3 Polearms
 - Level 1.7 Throwing
 + Level 3.1 Armour
 + Level 4.7 Dodging


You had 6 spell levels left.
You didn't know any spells.

Dungeon Overview and Level Annotations

Branches:
Dungeon (5/15)
 Temple: D:4-7

Annotations:
D:5 Prince Ribbit


Innate Abilities, Weirdness & Mutations

You have an increased reservoir of magic. (+10% MP)


Message History

* * * LOW HITPOINT WARNING * * *
You miss Prince Ribbit.
Prince Ribbit is almost dead.
Prince Ribbit hops awkwardly around.
Prince Ribbit blinks!
Prince Ribbit hits you but does no damage.
You miss Prince Ribbit.
Prince Ribbit is almost dead.
Prince Ribbit disappears!
There is a stone staircase leading down here.
Prince Ribbit lets out a mournful croak.
Prince Ribbit mumbles some strange words.
Prince Ribbit looks slightly unstable.
Your chain mail prevents you from hitting Prince Ribbit.
Prince Ribbit is almost dead.
Prince Ribbit hits you. Prince Ribbit barely misses you.
You closely miss Prince Ribbit.
Prince Ribbit is almost dead.
Prince Ribbit hits you!
You die...

### !.
#.####.##
#<.F....#
.##.#..####
#..........#
..#####.##F#
#.##@#
..##.#
#####.# .#
#.## .#
#..## ..
........#
#...# .
#.......#
##.## .
#.......
####.#### #
#..[....#
#.....>.#


You could see Prince Ribbit.

Vanquished Creatures
  An ogre (D:4)
  2 phantoms (D:4)
  2 centaurs (D:5)
  A crimson imp (D:5)
  A bullfrog zombie (D:5)
  2 hounds
  Terence (D:3)
  An iguana (D:5)
  7 worker ants
  2 orc wizards (D:4)
  7 adders
  3 shadow imps (D:5)
  An ooze (D:3)
  2 adder skeletons
  An adder zombie (D:5)
  4 worms
  4 dart slugs
  2 leopard geckos
  16 orcs
  3 bats (D:2)
  6 giant cockroaches
  10 goblins
  10 hobgoblins
  6 jackals
  3 quokkas
  A ball python (D:2)
  A ball python skeleton (D:4)
  8 frilled lizards
  A jackal skeleton (D:5)
  10 kobolds
  A leopard gecko zombie (D:5)
  7 rats
127 creatures vanquished.

Notes
Turn   | Place    | Note
-------+----------+-------------------------------------------
     0 | D:1      | Energizer the Demigod Gladiator began the quest for the Orb.
     0 | D:1      | Reached XP level 1. HP: 17/17 MP: 3/3
   149 | D:1      | Reached skill level 3 in Polearms
   149 | D:1      | Reached XP level 2. HP: 24/24 MP: 4/4
   696 | D:2      | Reached XP level 3. HP: 12/29 MP: 5/5
  1700 | D:2      | Found a shattered altar of Ashenzari.
  2091 | D:2      | Reached XP level 4. HP: 36/37 MP: 6/6
  2490 | D:3      | Found a bloodstained altar of Trog.
  2502 | D:3      | Noticed Terence
  2569 | D:3      | Killed Terence
  2731 | D:3      | Reached skill level 4 in Polearms
  3019 | D:3      | Found a deep blue altar of Sif Muna.
  3089 | D:3      | Reached skill level 1 in Armour
  3089 | D:3      | Reached XP level 5. HP: 36/44 MP: 7/7
  3456 | D:4      | Reached XP level 6. HP: 44/51 MP: 8/8
  3939 | D:4      | Reached skill level 5 in Polearms
  4210 | D:5      | Entered Level 5 of the Dungeon
  4559 | D:5      | Reached XP level 7. HP: 18/58 MP: 9/9
  5270 | D:5      | Found a glowing golden altar of the Shining One.
  5347 | D:5      | Reached skill level 6 in Polearms
  5727 | D:5      | Noticed Prince Ribbit
  5974 | D:5      | Slain by Prince Ribbit

Skill      XL: |  1  2  3  4  5  6  7 |
---------------+----------------------+-----
Dodging        | 3 4 |  4.7
Polearms       | 3 4 5 6 |  6.3
Fighting       | 2 3 4 |  4.1
Armour         | 1 2 3 |  3.1
Throwing       | |  1.7

Action                   |  1- 3 |  4- 6 |  7- 9 || total
-------------------------+-------+-------+-------++-------
Melee: Trident           |   166 |   279 |   143 ||   588
  Use: Scroll            |       |     8 |       ||     8
       Potion            |       |       |     1 ||     1
 Stab: Sleeping          |     2 |       |       ||     2
  Eat: Chunk             |     4 |     6 |     4 ||    14
       Royal jelly       |       |     1 |     1 ||     2
Armor: Leather armour    |    13 |       |       ||    13
       Chain mail        |    56 |   133 |    68 ||   257
Dodge: Dodged            |    98 |   121 |    45 ||   264
